 Dungeon Crawl Stone Soup version 0.23-a0-642-g3120c2f5a9 (webtiles) character file.

102 HereIgoKillingAgain the Changer (level 4, -14/38 HPs)
             Began as a Naga Transmuter on Dec 31, 2018.
             Splashed by Ijyb's acid (15 damage)
             ... on level 3 of the Dungeon.
             The game lasted 00:03:21 (3872 turns).

HereIgoKillingAgain the Changer (Naga Transmuter)   Turns: 3872, Time: 00:03:22

Health: -14/38     AC:  2    Str: 12    XL:     4   Next: 78%
Magic:  1/7        EV: 11    Int: 14    God:
Gold:   245        SH:  0    Dex: 12    Spells: 1/7 levels left

rFire    . . .     SeeInvis +     - Unarmed
rCold    . . .     Gourm    .   (no shield)
rNeg     . . .     Faith    .   b - +0 robe
rPois    +         Spirit   .   (no helmet)
rElec    .         Reflect  .   (no cloak)
rCorr    .         Harm     .   (no gloves)
MR       +....                  (no barding)
Stlth    +.........             (no amulet)
HPRegen  0.12/turn              n - ring of protection from magic
MPRegen  0.10/turn              p - +2 ring of evasion

@: heavily drained, very slow
A: large, see invisible, deformed body, poison resistance, slowness 2, slow
metabolism 1, spit poison 1, AC +1
a: Spit Poison


You were on level 3 of the Dungeon.
You were not hungry.

You visited 1 branch of the dungeon, and saw 3 of its levels.

You collected 245 gold pieces.

Inventory:

Missiles
 a - 42 arrows
Armour
 b - a +0 robe (worn)
Jewellery
 n - a ring of protection from magic (left hand)
 p - a +2 ring of evasion (right hand)
Wands
 q - a wand of disintegration (7)
Scrolls
 e - 3 scrolls of amnesia {unknown}
 f - 3 scrolls of teleportation {unknown}
 i - 2 scrolls of identify {unknown}
 j - a scroll of fear {unknown}
 k - a scroll of remove curse {unknown}
 l - a scroll of blinking {unknown}
Potions
 c - a potion of brilliance {unknown}
 g - a potion of berserk rage {unknown}
 h - a potion of flight {unknown}
 m - a potion of degeneration {unknown}
 o - a potion of curing
Comestibles
 d - 3 rations


   Skills:
 - Level 1.0(0.0) Fighting
 - Level 1.5(0.0) Dodging
 + Level 3.9(2.2) Unarmed Combat
 - Level 2.0(0.4) Spellcasting
 * Level 4.1(2.4) Transmutations


You had one spell level left.
You knew the following spells:

 Your Spells              Type           Power        Failure   Level  Hunger
a - Beastly Appendage     Tmut           #.....       10%         1    ##.....
b - Sticks to Snakes      Tmut           #.......     16%         2    ###....
c - Spider Form           Tmut/Pois      #.........   45%         3    ####...

Your spell library contained the following spells:

 Spells                   Type           Power        Failure   Level  Hunger
 Ice Form                 Ice/Tmut       #.......     86%         4    #####..
 Blade Hands              Tmut           #.........   95%         5    ######.


Dungeon Overview and Level Annotations

Branches:
Dungeon (3/15)

Altars:
Ashenzari
Okawaru
Trog

Annotations:
D:3 1 runed door, Ijyb


Innate Abilities, Weirdness & Mutations

You cannot wear boots.
Your serpentine skin is tough. (AC +1)
You have supernaturally acute eyesight. (SInv)
Armour fits poorly on your strangely shaped body.
Your system is resistant to poisons. (rPois)
You cover ground very slowly.
You have a slow metabolism.
You can spit poison.


Message History

Ijyb drinks a potion.
Ijyb suddenly seems more agile.
Unknown command.
What are your orders? t - Shout!
Orders for allies: a - Attack new target. r - Retreat! s - Stop attacking. g - Guard the area. f - Follow me.
Anything else - Cancel.
Okay, then.
Your adder closely misses Ijyb.
Your adder barely misses Ijyb.
Your adder closely misses Ijyb.
Ijyb hits you but does no damage.
Your adder closely misses Ijyb.
The kobold closely misses your adder.
Your adder bites Ijyb.
The rat closely misses your adder.
Your adder misses the kobold.
There is an open door here.
The rat misses your adder.
Ijyb zaps a wand.
The bolt of acid hits you!
* * * LOW HITPOINT WARNING * * *
You are splashed with acid!
The acid burns!
You die...

#...........#....
##..####..#..#.##
#.##..##.##.#...
##.#....#..#.####
#..#..#....#.# #
#..##.##..##.# #
##...#..####..####
###..#....."........
#..@......##.##.####
#####g#####....).......#
#...SK....###.##.##.##.#
#.8..8..8.# #.##.##..#.#
#....r†...# #.##.###.#..
##+##)##+## #.##....>...
..#g #.######.#.# #...
#r ..# #.#.# #...# #. .#
#.#


You could see Ijyb and a friendly adder.

Vanquished Creatures
  An orc priest (D:3)
  An adder (D:3)
  2 worms (D:2)
  A dart slug (D:3)
  2 leopard geckos (D:1)
  An orc (D:2)
  A bat (D:1)
  4 giant cockroaches
  4 goblins
  3 hobgoblins
  4 jackals (D:1)
  9 kobolds
  4 rats
37 creatures vanquished.

Vanquished Creatures (collateral kills)
  An adder (D:2)
  A worm (D:2)
  2 leopard geckos (D:3)
  A giant cockroach (D:3)
  A goblin (D:2)
  A hobgoblin (D:1)
  A bat (D:3)
  A kobold (D:2)
  3 rats
12 creatures vanquished.

Vanquished Creatures (others)
  An orc (D:3)
1 creature vanquished.

Grand Total: 50 creatures vanquished

Notes
Turn   | Place    | Note
-------+----------+-------------------------------------------
     0 | D:1      | HereIgoKillingAgain the Naga Transmuter began the quest for
                  | the Orb.
     0 | D:1      | Reached XP level 1. HP: 18/18 MP: 3/3
    98 | D:1      | Reached XP level 2. HP: 9/25 MP: 5/5
  1010 | D:1      | Learned a level 2 spell: Sticks to Snakes
  1317 | D:1      | Reached skill level 3 in Transmutations
  1326 | D:1      | Reached XP level 3. HP: 17/31 MP: 2/6
  2755 | D:2      | Found a shattered altar of Ashenzari.
  3063 | D:3      | Found an iron altar of Okawaru.
  3063 | D:3      | Found a bloodstained altar of Trog.
  3072 | D:3      | Reached XP level 4. HP: 31/38 MP: 4/7
  3502 | D:3      | Reached skill level 4 in Transmutations
  3511 | D:3      | Learned a level 3 spell: Spider Form
  3756 | D:3      | Found a runed door.
  3855 | D:3      | Noticed Ijyb
  3872 | D:3      | HP: 1/38 [Ijyb/wand of acid (8) (15)]
  3872 | D:3      | Splashed by Ijyb's acid

Vault maps used:
D:1:      wheals_arrival_shading
D:2:      old_standard_altar, chequers_serial_rivers_large_a
D:3:      minmay_chambers_of_threes, grunt_temple_overflow_open,
          minmay_close_crescents, uniq_crazy_yiuf_cottage, uniq_ijyb,
          uniq_terence

Skill      XL: |  1  2  3  4 |
---------------+-------------+-----
Transmutations | 3 4 |  4.1
Fighting       | |  1.0
Dodging        | |  1.5
Unarmed Combat | |  3.9
Spellcasting   | |  2.0

Action                   |  1- 3 |  4- 6 || total
-------------------------+-------+-------++-------
Melee: Unarmed           |   134 |    40 ||   174
       Headbutt          |     1 |       ||     1
 Cast: Beastly Appendage |     2 |     2 ||     4
       Sticks to Snakes  |    11 |     7 ||    18
Evoke: Wand              |       |     1 ||     1
  Use: Potion            |     1 |       ||     1
 Stab: Sleeping          |     3 |       ||     3
       Distracted        |     1 |       ||     1
  Eat: Chunk             |     2 |     1 ||     3
       Ration            |     1 |     1 ||     2
Armor: Robe              |    18 |    11 ||    29
Dodge: Dodged            |    65 |    22 ||    87

Table legend:
 A = Non-vault XP
 B = Vault XP
 C = Vault XP percentage of total XP
 D = Non-vault monster count
 E = Vault monster count
 F = Vault count percentage of total count
                 A         B        C        D         E       F
            +---------+---------+-------+---------+---------+-------
      Total |      96 |      51 |  34.7 |      41 |       8 |  16.3
            +---------+---------+-------+---------+---------+-------
        D:1 |      41 |       0 |   0.0 |      24 |       0 |   0.0
        D:2 |      36 |       0 |   0.0 |      11 |       0 |   0.0
        D:3 |      19 |      51 |  72.9 |       6 |       8 |  57.1
            +---------+---------+-------+---------+---------+-------
